 Dungeon Crawl Stone Soup version 0.30-a0-367-g839099abd5 (webtiles) character file.

Game seed: 2442241693790058311

31 Aramant the Slasher (level 3, 0/23 HPs)
             Began as a Tengu Berserker on Nov 18, 2022.
             Was a Follower of Trog.
             Killed by divine providence
             ... invoked by an orc priest
              (14 damage)
             ... on level 3 of the Dungeon.
             The game lasted 00:04:01 (968 turns).

Aramant the Slasher (Tengu Berserker)                Turns: 968, Time: 00:04:02

Health: 0/23       AC:  5    Str: 19    XL:     3   Next: 22%
Magic:  4/4        EV: 11    Int:  7    God:    Trog [*.....]
Gold:   55         SH:  0    Dex: 13    Spells: 2/2 levels left

rFire   . . .      SeeInvis .    a - +0 falchion (elec)
rCold   . . .      Faith    .    (no shield)
rNeg    . . .      Spirit   .    d - +0 ring mail
rPois   .          Reflect  .    (helmet restricted)
rElec   .          Harm     .    (no cloak)
rCorr   .          Rampage  .    (no gloves)
Will    .....                    (boots unavailable)
Stlth   +.........               (no amulet)
HPRegen 0.23/turn                (no ring)
MPRegen 0.09/turn                (no ring)

@: no status effects
A: beak, talons 3
a: Renounce Religion, Berserk


You were on level 3 of the Dungeon.
You worshipped Trog.
Trog was aware of your devotion.
You visited 1 branch of the dungeon, and saw 3 of its levels.

You collected 55 gold pieces.

Inventory:

Hand Weapons
 a - a +0 falchion of electrocution (weapon)
Armour
 d - a +0 ring mail (worn)
Jewellery
 e - the amulet of the Vendetta {Reflect *Corrode Fly rF+ SH+5}
   (You found it on level 2 of the Dungeon)

   [amulet of reflection]

   It reflects blocked missile attacks.
   rF:        It protects you from fire.
   Fly:       It grants you flight.
   *Corrode:  It may corrode you when you take damage.
   SH:        It affects your SH (+5).
Potions
 b - a potion of cancellation {unknown}
 c - a potion of attraction {unknown}
 f - a potion of brilliance {unknown}


   Skills:
 + Level 3.5 Fighting
 + Level 3.8 Long Blades
 + Level 2.4 Armour
 + Level 2.3 Dodging
 + Level 0.2 Stealth


You had 2 spell levels left.
You didn't know any spells.
Your spell library was empty.

Dungeon Overview and Level Annotations

Branches:
Dungeon (3/15)

Altars:


Innate Abilities, Weirdness & Mutations

You have a beak for a mouth.
You have claws for feet.


Message History

You open the door.
There is an open door here.
You open the door.
There is an open door here.
Found a stone staircase leading down.
There is a stone staircase leading down here.
You see here a +0 mace.
A bat and a dart slug come into view.
The dart slug launches a dart at you. The slug dart hits you.
The bat barely misses you. The bat closely misses you.
You barely miss the bat. Your kick misses the bat.
The bat barely misses you. x2
The bat hits you.
You hit the bat. Lightning courses through the bat!
You kill the bat!
Trog accepts your kill.
You hit the dart slug. You claw the dart slug.
You kill the dart slug!
Trog accepts your kill.
You see here a dart slug corpse.
You see here an adder skeleton.
Found a stone staircase leading down.
There is a stone staircase leading down here.
You climb downwards.
There is a stone staircase leading up here.
An orc and an orc priest come into view.
The orc priest shouts!
An orc comes into view. It is wielding a +0 mace.
An orc comes into view. It is wielding a +0 trident.
The orc shouts! x2
An orc priest comes into view. It is wielding a +0 club.
The orc priest mumbles some strange prayers to Beogh against you.
Beogh smites you!
You hit the orc but do no damage. You claw the orc, but do no damage.
The orc closely misses you.
The orc priest mumbles some strange prayers to Beogh against you.
Beogh smites you!
Ouch! That really hurt!
You die...

.###.#....# ..........#
####.##.W#########..
..........).........
.###.......<########
...########## ####
........... ...
#..##############.#o#..#
#..##<#.........@o.oo..#
#..##.#######.###.###o##
......# #.# ... ##.####
#.# #### ##.# #.# #.#
#.# #.##########.#
#............#
##############


You could see 2 orc priests and 3 orcs.

Vanquished Creatures
  An adder (D:2)
  A dart slug (D:2)
  A ball python (D:2)
  An endoplasm (D:2)
  3 giant cockroaches
  3 hobgoblins
  A quokka (D:2)
  3 bats
  3 frilled lizards (D:2)
  2 kobolds
  2 rats (D:2)
21 creatures vanquished.

Notes
Turn   | Place    | Note
-------+----------+-------------------------------------------
     0 | D:1      | Aramant the Tengu Berserker began the quest for the Orb.
     0 | D:1      | Reached XP level 1. HP: 14/14 MP: 2/2
   293 | D:3      | Noticed a phantom
   333 | D:2      | Reached XP level 2. HP: 18/19 MP: 3/3
   472 | D:2      | Identified the amulet of the Vendetta {Reflect *Corrode Fly
                  | rF+ SH+5}
   653 | D:2      | Reached XP level 3. HP: 20/23 MP: 4/4
   968 | D:3      | Killed from afar by an orc priest

Illustrated notes

Levels and vault maps discovered:
D:1:      erik_arrival_orb_chamber, layout_loops_corners,
          hellmonk_ecumenical_altar_pennies_from_heaven, minivault_5
D:2:      minmay_evil_eye, layout_basic
D:3:      layout_basic, nicolae_elyvilon_peaceful_grove,
          nicolae_tso_swordbearing_angel, general_overflow_altar,
          kennysheep_generic_room_12

Action                   || total
-------------------------++-------
Melee: Falchion          ||    54
       Kick              ||     9
       Peck              ||     3
       Punch             ||     1
  Use: Scroll            ||     4
Armor: Ring mail         ||    19
       Animal skin       ||     2
Dodge: Dodged            ||    35

Table legend: (Time is in decaauts)
 A = Elapsed time spent in this place.
 B = Non-inter-level travel time spent in this place.
 C = Inter-level travel time spent in this place.
 D = Time resting spent in this place.
 E = Time spent auto-exploring this place.
 F = Levels seen in this place.
 G = Mean time per level.
                   A        B        C        D        E       F      G
               +--------+--------+--------+--------+--------+-----+--------+
         Total |    975 |    975 |      0 |      8 |    711 |   3 |  325.0 |
       Dungeon |    975 |    975 |      0 |      8 |    711 |   3 |  325.0 |
               +--------+--------+--------+--------+--------+-----+--------+

Top non-repeatable levels by time:
     D:2: 708 daAuts
     D:3: 191 daAuts
     D:1: 75 daAuts
